 Dungeon Crawl Stone Soup version 0.17.1-1-g73c8601 (webtiles) character file.

186 PossumBlood the Slasher (level 5, 0/48 HPs)
             Began as a Minotaur Fighter on Dec 19, 2015.
             Succumbed to poison (a potion of poison)
             ... on level 3 of the Dungeon.
             The game lasted 00:05:32 (1910 turns).

PossumBlood the Slasher (Minotaur Fighter)          Turns: 1910, Time: 00:05:32

Health: 0/48       AC:  7    Str: 26    XL:     5   Next: 38%
Magic:  4/4        EV: 12    Int:  5    God:
Gold:   147        SH: 10    Dex: 15    Spells: 0 memorised, 4 levels left

rFire  . . .     SeeInvis +     a - +1 long sword
rCold  . . .     Clarity  .     b - +0 scale mail
rNeg   . . .     SustAt   .     c - +0 shield
rPois  .         Gourm    .     l - +1 hat
rElec  .         Spirit   .     (no cloak)
rCorr  .         Warding  .     (no gloves)
rMut   .         Stasis   .     (no boots)
MR     .....                    (no amulet)
Stlth  +.........               (no ring)
                                j - ring of see invisible

@: mighty, agile, lethally poisoned (0 -> -11), not resistant to hostile
enchantments, very unstealthy
A: retaliatory headbutt, horns 2
a: no special abilities


You were on level 3 of the Dungeon.
You were not hungry.

You visited 1 branch of the dungeon, and saw 3 of its levels.

You collected 147 gold pieces.

Inventory:

Hand Weapons
 a - a +1 long sword (weapon)
Armour
 b - a +0 scale mail (worn)
 c - a +0 shield (worn)
 l - a +1 hat (worn)
Jewellery
 j - a ring of see invisible (left hand)
 q - an uncursed amulet of stasis
Scrolls
 f - a scroll of remove curse
 k - 2 scrolls of identify
 n - a scroll of fear {unknown}
 p - a scroll of blinking {unknown}
 r - a scroll of random uselessness {unknown}
Potions
 h - a potion of poison
 o - a potion of agility
Comestibles
 e - a bread ration
 i - 2 beef jerkies
 m - a meat ration


   Skills:
 + Level 5.0 Fighting
 * Level 5.9 Long Blades
 - Level 3.6 Armour
 - Level 3.6 Shields


You had 4 spell levels left.
You didn't know any spells.

Dungeon Overview and Level Annotations

Branches:
Dungeon (3/15)

Altars:
Elyvilon
Gozag

Shops:
D:2 *


Innate Abilities, Weirdness & Mutations

You reflexively headbutt those who attack you in melee.
You have a pair of horns on your head.


Message History

You feel sick. You block the gnoll's attack.
The adder bites you but does no damage.
You see here a rat corpse.
You feel sick. You block the adder's attack. You block the adder's attack.
You feel sick. The adder bites you but does no damage.
You feel sick.
You are no longer poisoned.
Drink which item? (? for menu, Esc to quit)
It was a potion of poison.
That liquid tasted very nasty...
You are lethally poisoned!
* * * LOW HITPOINT WARNING * * *
You feel sick. The adder barely misses you.
The adder bites you but does no damage.
Drink which item? (? for menu, Esc to quit)
It was a potion of agility.
You feel agile all of a sudden.
You die...

### # #.# # #.# # #.#
############ #
#.###########..........#########
#....##.........................
##..#.###.####.########.#########
......†......ggS@................
##..#.###.####.########.#.##.####
.#......#....................#
.#..#.#.#........).####.#...<#
.#..#.#.#.#.##.###.# #.####.#
.#..####...###...#(####.# #.#
††...#≈≈...≈≈#......>...######
.#..##≈r.♣..≈###.###.##......#
.#..#..........#.# #.##..###.#


You could see 2 gnolls and an adder.

Vanquished Creatures
  An ogre (D:3)
  A gnoll (D:3)
  3 adders
  A worm (D:2)
  6 bats
  7 giant cockroaches
  8 goblins
  9 hobgoblins
  A quokka (D:3)
  4 ball pythons
  2 giant geckos (D:2)
  9 kobolds
  7 rats
59 creatures vanquished.

Notes
Turn   | Place    | Note
--------------------------------------------------------------
     0 | D:1      | PossumBlood the Minotaur Fighter began the quest for the Orb.
     0 | D:1      | Reached XP level 1. HP: 19/19 MP: 0/0
    86 | D:1      | Reached XP level 2. HP: 21/27 MP: 1/1
   561 | D:2      | Reached XP level 3. HP: 33/33 MP: 2/2
   572 | D:2      | Found an opulent altar of Gozag.
   617 | D:2      | Reached skill level 4 in Long Blades
   702 | D:2      | Found an opulent altar of Gozag.
   703 | D:2      | Found Gozag's Platinum Reserve.
  1263 | D:3      | Noticed an ogre
  1273 | D:3      | Killed an ogre
  1273 | D:3      | Reached skill level 5 in Long Blades
  1273 | D:3      | Reached XP level 4. HP: 7/41 MP: 3/3
  1273 | D:3      | Reached XP level 5. HP: 8/47 MP: 4/4
  1716 | D:3      | Found a white marble altar of Elyvilon.
  1875 | D:3      | Reached skill level 5 in Fighting
  1908 | D:3      | HP: 2/48 [poisoned by an adder]
  1910 | D:3      | Succumbed to poison (a potion of poison)

Action                   |  1- 3 |  4- 6 || total
-------------------------+-------+-------++-------
Melee: Long sword        |   111 |    35 ||   146
  Use: Scroll            |     4 |       ||     4
       Potion            |       |     4 ||     4
  Eat: Bread ration      |     1 |       ||     1
